 Dungeon Crawl Stone Soup version 0.18-a0-1343-g48c8f86 (webtiles) character file.

133 M4edhros the Insei (level 4, -6/35 HPs)
             Began as a Mummy Monk on Feb 17, 2016.
             Killed from afar by Natasha (9 damage)
             ... with a magic dart
             ... on level 2 of the Dungeon.
             The game lasted 00:06:09 (5007 turns).

M4edhros the Insei (Mummy Monk)                     Turns: 5007, Time: 00:06:10

Health: -6/35      AC:  3    Str: 14    XL:     4   Next: 93%
Magic:  4/4        EV: 13    Int:  9    God:
Gold:   208        SH:  0    Dex: 15    Spells: 0 memorised, 3 levels left

rFire  x . .     SeeInvis .       - Unarmed
rCold  + . .     Gourm    .     (no armour)
rNeg   + + +     Faith    .     (no shield)
rPois  ∞         Spirit   .     e - +2 helmet
rElec  .         Dismiss  .     (no cloak)
rCorr  .         Reflect  .     (no gloves)
SustAt .         Harm     .     (no boots)
MR     +....                    (no amulet)
Stlth  ++........               (no ring)
                                h - ring of protection from magic

@: very slightly contaminated, somewhat resistant to hostile enchantments,
unstealthy
A: no food or potions, fire vulnerability, cold resistance 1, negative energy
resistance 3, torment resistance, unbreathing
a: no special abilities


You were on level 2 of the Dungeon.
You were not hungry.

You visited 1 branch of the dungeon, and saw 3 of its levels.

You collected 208 gold pieces.

Inventory:

Armour
 a - a +0 robe
 e - a +2 helmet (worn)
Jewellery
 h - a ring of protection from magic (left hand)
Scrolls
 b - a scroll of recharging {unknown}
 c - a scroll of enchant armour {unknown}
 d - 5 scrolls of remove curse
 g - a scroll of noise
 j - 2 scrolls of fear {unknown}
 k - a scroll of amnesia {unknown}
 l - a scroll of fog {unknown}


   Skills:
 - Level 3.0 Fighting
 - Level 2.4 Dodging
 + Level 2.7 Stealth
 * Level 4.7 Unarmed Combat


You had 3 spell levels left.
You didn't know any spells.

Dungeon Overview and Level Annotations

Branches:
Dungeon (3/15)

Altars:
Cheibriados

Annotations:
D:2 Natasha
D:3 Terence


Innate Abilities, Weirdness & Mutations

You do not eat or drink.
Your flesh is vulnerable to fire.
You are immune to poison.
Your flesh is cold resistant.
You are immune to negative energy.
You are immune to unholy pain and torment.
You can survive without breathing.


Message History

g - a scroll of noise The goblin closely misses you.
Natasha barely misses you.
You barely miss Natasha.
Natasha is lightly wounded.
Natasha misses you. The goblin misses you.
You barely miss Natasha.
Natasha is lightly wounded.
Natasha claws you.
* * * LOW HITPOINT WARNING * * *
The goblin hits you with an uncursed club.
* * * LOW HITPOINT WARNING * * *
Read which item? (? for menu, Esc to quit)
Blink to where?
Press: ? - help, Dir - move target cursor You are very lightly contaminated with residual magic.
As you read the scroll labeled WILETR MAXAQI, it crumbles to dust.
It was a scroll of blinking.
Natasha casts a spell at you. The magic dart hits you!
You die...

.#.......# #.........# #.#.# #.
.#.......# #.....(...# #...#
##. ##......(# #.........#
##..# #.. #......(# #.........#
#..###.# ##.....(####........##
#.......
#......h....#......#####.......
#.....####..######.............
#.....####.......#######....)..
#......g......@................
#.....####.#####..##...........
#h.....##..## ##....#.#....###
#)).........### ##..##.#.##.##
#h....#.###...###....#.#.##..#
#.g.....# ###.##.......#.###(##
######.## ###(##...##.##.# #.##
#.# ##.........#.##.###...
#.###..#....##...........#


You could see Natasha and a goblin.

Vanquished Creatures
  Robin (D:2)
  4 adders (D:2)
  An ooze (D:2)
  A giant gecko (D:1)
  6 orcs (D:2)
  2 giant cockroaches (D:1)
  14 goblins
  6 hobgoblins
  8 jackals (D:2)
  A quokka (D:2)
  11 bats
  2 giant newts
  3 kobolds
  9 rats
69 creatures vanquished.

Notes
Turn   | Place    | Note
--------------------------------------------------------------
     0 | D:1      | M4edhros the Mummy Monk began the quest for the Orb.
     0 | D:1      | Reached XP level 1. HP: 18/18 MP: 1/1
   270 | D:1      | Found a snail-covered altar of Cheibriados.
   362 | D:1      | Reached XP level 2. HP: 12/24 MP: 2/2
  1159 | D:2      | Reached XP level 3. HP: 18/29 MP: 3/3
  1565 | D:2      | Reached skill level 4 in Unarmed Combat
  1981 | D:2      | Reached XP level 4. HP: 26/35 MP: 4/4
  2146 | D:3      | Noticed Natasha
  2460 | D:3      | Noticed Robin
  3513 | D:2      | Killed Robin
  4884 | D:3      | Noticed Terence
  5007 | D:2      | Killed from afar by Natasha

Vault maps used:
D:1:      grunt_arrival_lava_bath, cheibriados_altar_1
D:2:      first_bread
D:3:      lemuel_round_altar, makhleb_blood_cavern_becter, uniq_robin,
          uniq_terence, uniq_crazy_yiuf_cottage, uniq_natasha

Action                   |  1- 3 |  4- 6 || total
-------------------------+-------+-------++-------
Melee: Unarmed           |   128 |   143 ||   271
  Use: Scroll            |       |     5 ||     5
 Stab: Sleeping          |     4 |     1 ||     5
